 Dungeon Crawl Stone Soup version 0.18-a0-844-g9229740 (webtiles) character file.

230390 velleities the Eclecticist (level 18, -4/104 HPs)
             Began as a Spriggan Enchanter on Dec 18, 2015.
             Was a High Priest of Dithmenos.
             Slain by an alligator (18 damage)
             ... on level 1 of the Swamp.
             The game lasted 01:28:04 (47376 turns).

velleities the Eclecticist (Spriggan Enchanter)    Turns: 47376, Time: 01:28:04

Health: -4/104     AC:  9    Str:  4    XL:     18   Next: 76%
Magic:  22/43      EV: 22    Int: 28    God:    Dithmenos [*****.]
Gold:   1208       SH:  0    Dex: 21    Spells: 9 memorised, 27 levels left

rFire  + . .     SeeInvis +     o - +5 dagger (elec)
rCold  . . .     Gourm    .     T - +3 steam dragon armour
rNeg   . . .     Faith    .     (shield restricted)
rPois  .         Spirit   .     (helmet restricted)
rElec  .         Dismiss  .     H - +0 cloak {MR+}
rCorr  .         Reflect  .     (gloves unavailable)
SustAt .         Harm     .     (boots unavailable)
MR     ++++.                    W - amulet of regeneration
Stlth  ++++++++++               (no ring)
                                k - +3 ring of dexterity

@: brilliant, lethally poisoned (-4 -> -4), grasped by roots, very slightly
contaminated, wreathed by umbra, quick, incredibly resistant to hostile
enchantments, uncannily stealthy
A: unfitting armour, see invisible, fire resistance 1, herbivore 3, speed 3,
screaming 1, slow metabolism 2, wild magic 1
a: Shadow Step, Shadow Form, Renounce Religion
}: 1/15 runes: gossamer


You were on level 1 of the Swamp.
You worshipped Dithmenos.
Dithmenos was extremely pleased with you.
You were not hungry.

You visited 7 branches of the dungeon, and saw 34 of its levels.
You also visited: Ice Cave.

You collected 3339 gold pieces.
You spent 2131 gold pieces at shops.

Inventory:

Hand Weapons
 o - a +5 dagger of electrocution (weapon)
Armour
 H - a +0 cloak of magic resistance (worn)
 T - a +3 steam dragon armour (worn)
Magical Staves
 g - an uncursed staff of conjuration
Jewellery
 e - an uncursed ring of teleportation
 k - a +3 ring of dexterity (left hand)
 m - an uncursed ring of protection from cold
 B - an uncursed ring of sustain attributes
 W - an amulet of regeneration (around neck)
Wands
 c - a wand of digging (16)
 E - a wand of paralysis (17)
 F - a wand of draining (8)
 O - a wand of invisibility (0)
 U - a wand of draining (2)
Scrolls
 j - a scroll of silence
 n - a scroll of acquirement
 r - 4 scrolls of fear
 s - 14 scrolls of remove curse
 z - 3 scrolls of fog
 A - 4 scrolls of magic mapping
 K - 2 scrolls of summoning
 L - 4 scrolls of amnesia
 N - 3 scrolls of identify
 X - a scroll of vulnerability
 Y - a scroll of blinking
Potions
 a - a potion of haste
 d - a potion of invisibility
 f - 4 potions of flight
 h - 2 potions of heal wounds
 i - 5 potions of ambrosia
 l - a potion of might
 p - a potion of berserk rage
 t - a potion of curing
 v - 2 potions of magic
 I - a potion of resistance
 P - 3 potions of brilliance
 Q - a potion of lignification
 Z - 2 potions of agility
Books
 b - a book of Frost

   Spells                             Type                      Level
   a - Freeze                         Ice                          1
   b - Throw Frost                    Conjuration/Ice              2
   c - Ozocubu's Armour               Charms/Ice                   3
   d - Throw Icicle                   Conjuration/Ice              4
   e - Summon Ice Beast               Ice/Summoning                4
   f - Condensation Shield            Ice                          4
 u - a book of Ice

   Spells                             Type                      Level
   a - Ice Form                       Ice/Transmutation            4
   b - Metabolic Englaciation         Hexes/Ice                    5
   c - Ozocubu's Refrigeration        Ice                          6
   d - Bolt of Cold                   Conjuration/Ice              6
   e - Freezing Cloud                 Conjuration/Ice/Air          6
   f - Simulacrum                     Ice/Necromancy               6
 x - a book of Battle

   Spells                             Type                      Level
   a - Infusion                       Charms                       1
   b - Shroud of Golubria             Charms/Translocation         2
   c - Song of Slaying                Charms                       2
   d - Spectral Weapon                Hexes/Charms                 3
   e - Regeneration                   Charms/Necromancy            3
 y - a book of Enchantments

   Spells                             Type                      Level
   a - Cause Fear                     Hexes                        4
   b - Yara's Violent Unravelling     Hexes/Transmutation          5
   c - Silence                        Hexes/Air                    5
   d - Deflect Missiles               Charms/Air                   6
   e - Haste                          Charms                       6
   f - Discord                        Hexes                        8
 C - a book of Beasts

   Spells                             Type                      Level
   a - Summon Butterflies             Summoning                    1
   b - Call Canine Familiar           Summoning                    3
   c - Summon Ice Beast               Ice/Summoning                4
   d - Summon Mana Viper              Hexes/Summoning              5
   e - Summon Hydra                   Summoning                    7
 G - a book of Debilitation

   Spells                             Type                      Level
   a - Corona                         Hexes                        1
   b - Slow                           Hexes                        2
   c - Gell's Gravitas                Hexes/Translocation          3
   d - Inner Flame                    Hexes/Fire                   3
   e - Cause Fear                     Hexes                        4
   f - Leda's Liquefaction            Hexes/Earth                  4
 V - a book of Party Tricks

   Spells                             Type                      Level
   a - Summon Butterflies             Summoning                    1
   b - Apportation                    Translocation                1
   c - Tukima's Dance                 Hexes                        3
   d - Alistair's Intoxication        Transmutation/Poison         4
   e - Invisibility                   Hexes                        6
Comestibles
 q - 36 fruits
 w - 2 royal jellies
 D - 9 bread rations


   Skills:
 - Level 15.3 Fighting
 - Level 13.0 Short Blades
 - Level 15.1 Dodging
 - Level 15.1 Stealth
 * Level 20.8 Spellcasting
 - Level 15.4 Hexes


You had 27 spell levels left.
You knew the following spells:

 Your Spells              Type           Power        Failure   Level  Hunger
a - Cause Fear            Hex            ########..   1%          4    None
b - Ensorcelled Hibernat  Hex/Ice        ######       1%          2    None
c - Confuse               Hex            ########     1%          3    None
d - Tukima's Dance        Hex            ########     1%          3    None
e - Silence               Hex/Air        #######...   1%          5    None
f - Invisibility          Hex            ########     1%          6    None
g - Regeneration          Chrm/Necr      ######....   1%          3    None
h - Ozocubu's Armour      Chrm/Ice       ######..     1%          3    None
i - Shroud of Golubria    Chrm/Tloc      ######....   1%          2    None


Dungeon Overview and Level Annotations

Branches:
Dungeon (15/15)            Temple (1/1) D:5            Lair (8/8) D:8
  Swamp (1/4) Lair:6       Spider (4/4) Lair:4        Slime (0/6) Lair:7
    Orc (2/2) D:10            Elf (3/3) Orc:2        Vaults (0/5) D:14
 Depths (0/5) D:15

Altars:
Ashenzari
Cheibriados
Dithmenos
Elyvilon
Fedhas
Gozag
Kikubaaqudgha
Makhleb
Nemelex Xobeh
Okawaru
Pakellas
Qazlal
Ru
Sif Muna
Trog
Vehumet
Xom
Yredelemnul
Zin
The Shining One
Jiyva

Shops:
D:9 *[   D:10 [   D:14 [   Orc:1 (   Orc:2 }!:*   Elf:2 *

Annotations:
D:5 exclusion: statue
Elf:2 exclusion: Roxanne, Roxanne


Innate Abilities, Weirdness & Mutations

You are tiny and cannot use many weapons and most armour.
You have supernaturally acute eyesight.
You are a herbivore.
You cover ground extremely quickly.
You need consume almost no food.
Your flesh is heat resistant.
You occasionally shout uncontrollably at your foes.
Your spells are a little harder to cast, but a little more powerful.


Message History

The shambling mangrove is lightly damaged.
Your shadow hits the shambling mangrove but does no damage.
Roots grasp at your feet, making movement difficult.
You hit the shambling mangrove but do no damage.
The shambling mangrove is lightly damaged.
You hit the shambling mangrove.
The shambling mangrove is lightly damaged.
Your shadow hits the shambling mangrove but does no damage.
You feel sick. The alligator misses you. The alligator tail-slaps you!
* * * LOW HITPOINT WARNING * * *
You feel sick.
Casting: Confuse
Confirm with . or Enter, or press ? or * to list all spells.
Aiming: Ensorcelled Hibernation
Press: ? - help, Shift-Dir - straight line, f/p - shambling mangrove
Aim: a shambling mangrove (lightly damaged, confused, umbra, chance to defeat MR: 11%)
The shambling mangrove is unaffected.
Your shadow mimicks your spell!
The shambling mangrove is unaffected.
The alligator bites you!!
You die...

+#≈≈....≈≈≈♣ ♣♣♣ ♣.≈≈..≈≈≈≈≈..
≈≈≈≈..≈.≈.♣♣♣♣♣≈♣ ♣♣♣..≈..≈≈...
≈≈≈≈..≈≈♣≈≈.♣♣≈≈♣♣♣♣♣ ♣♣§≈...≈≈≈.
##≈≈≈≈.♣♣♣≈.♣♣...♣♣≈♣♣♣..♣...(≈..
#≈≈≈≈.♣♣..♣♣≈.≈....≈♣♣♣♣♣..♣♣≈≈≈
#≈≈.§≈≈...≈♣f.≈.♣...♣♣ ♣♣♣≈≈♣≈≈.
≈≈≈♣.≈≈≈....≈♣≈≈≈.≈≈≈≈♣♣♣...♣♣...
≈≈♣♣.≈≈≈≈.♣.≈...≈≈≈≈..≈♣...§.♣♣≈♣
♣♣ ♣..≈≈≈......t@...≈.♣♣.≈[≈.♣≈..
♣♣..≈≈.#[#.#####..≈♣♣♣♣≈≈≈....
♣♣.....#.......#.≈≈♣ ♣.≈≈..≈≈≈
♣≈≈.≈♣♣........#..♣♣♣♣...≈.≈≈.
♣♣♣♣♣♣♣♣.≈.≈...#......≈.♣♣♣.≈.
♣≈≈.≈≈.....#.....♣♣♣≈♣♣...
♣♣..≈≈.....#...≈≈♣ ♣....≈♣
♣♣♣♣♣♣..≈≈≈≈..###.≈.≈.♣ ♣♣.≈..♣
♣♣≈......≈≈≈≈.≈.....≈..♣♣♣♣≈..♣♣


You could see a shambling mangrove (confused) and an alligator.

Vanquished Creatures
  Nikola (Elf:2)
  Arachne (Spider:4)
  Kirke (Spider:2)
  4 emperor scorpions (Spider:4)
  3 ghost moths (Spider:4)
  3 spark wasps
  5 vault guards (D:14)
  Snorg (D:11)
  Josephine (D:14)
  A fire dragon (D:15)
  15 hydras
  A deep elf high priest (Elf:1)
  5 entropy weavers
  An ice dragon (D:15)
  Fannar (D:11)
  3 centaur warriors
  2 alligators (Swamp:1)
  31 dancing weapons
  16 death yaks
  An ogre mage (D:14)
  4 orc high priests
  3 tengu warriors
  The ghost of MrDespairSA the Cleaver, a journeyman VSBe of Trog (Orc:1)
  15 deep elf knights
  An unseen horror (D:15)
  An unseen horror (shapeshifter) (Elf:1)
  2 swamp dragons (Swamp:1)
  The ghost of MrDespairSA the Basher, a novice OgSk (D:6)
  7 deep elf archers
  2 hill giants
  27 wolf spiders
  20 orb spiders
  5 orc knights (Orc:2)
  3 hornets
  49 deep elf magi
  4 cyclopes
  2 moths of wrath
  A necromancer (Spider:3)
  3 griffons (D:13)
  5 orc sorcerers
  6 ugly things
  A manticore (D:11)
  9 slime creatures
  33 elephants
  3 torpor snails
  4 black mambas
  A gargoyle (D:14)
  Joseph (D:8)
  16 spiny frogs
  A yaktaur (shapeshifter) (Elf:2)
  13 demonic crawlers
  A fire drake (Lair:6)
  10 freezing wraiths (IceCv)
  9 komodo dragons
  19 jumping spiders
  2 efreet
  2 ice devils (D:15)
  A kobold demonologist (D:12)
  A spriggan druid (Lair:8)
  2 tengu conjurers
  A wolf spider simulacrum (IceCv)
  12 polar bears
  A two-headed ogre (D:15)
  Prince Ribbit (D:5)
  A giant leech (Swamp:1)
  5 trolls
  21 blink frogs
  3 boulder beetles
  29 trapdoor spiders
  3 shadows
  An air elemental (Elf:1)
  11 spriggans
  6 wraiths
  25 tarantellas
  59 yaks
  54 redbacks
  A wyvern (D:10)
  Eustachio (D:5)
  7 hogs
  2 steam dragons
  2 water elementals
  Grum (D:8)
  2 basilisks
  3 wargs
  11 hippogriffs
  4 fire elementals
  7 vampire mosquitoes (D:15)
  2 mottled dragons
  A hungry ghost (D:10)
  Menkaure (D:5)
  2 humans (D:14)
  49 wolves
  Edmund (D:4)
  28 orc warriors
  3 swamp worms (Swamp:1)
  9 ice beasts
  9 sky beasts
  2 swamp drakes
  7 porcupines
  18 water moccasins
  6 black bears
  A wasp (shapeshifter) (Elf:2)
  8 wasps
  3 necrophages
  11 ogres
  3 phantoms
  An eye of draining (shapeshifter) (D:15)
  8 centaurs
  Blork the orc (D:5)
  14 crocodiles
  3 earth elementals
  A gnoll sergeant (D:12)
  2 big kobolds
  27 giant frogs
  A wyvern zombie (D:9)
  3 scorpions
  4 killer bees (D:10)
  A water moccasin skeleton (D:8)
  An elephant simulacrum (IceCv)
  10 wights
  3 electric eels
  A swamp dragon simulacrum (IceCv)
  3 jellies
  6 crimson imps
  22 orc priests
  3 quasits
  2 giant frog zombies
  5 centaur zombies
  A giant frog skeleton (D:8)
  4 centaur skeletons
  Crazy Yiuf (D:5)
  7 iguanas
  2 gnoll shamans
  13 hounds
  3 hell rats (Lair:3)
  Jessica (D:2)
  A spriggan simulacrum (IceCv)
  30 orc wizards
  12 sheep
  14 worker ants
  2 centaur simulacra (IceCv)
  3 troll simulacra (IceCv)
  A polar bear simulacrum (IceCv)
  A hound zombie (D:6)
  A hound skeleton (D:9)
  Robin (D:2)
  An ogre simulacrum (IceCv)
  18 gnolls
  A worker ant zombie (D:8)
  72 river rats
  6 shadow imps
  7 adders
  2 naga simulacra (IceCv)
  12 white imps (IceCv)
  2 oozes
  3 worms
  2 adder zombies
  9 giant geckos
  101 orcs
  2 ball pythons
  15 bats
  16 goblins
  16 hobgoblins
  7 jackals
  3 quokkas
  5 giant cockroaches
  A giant gecko skeleton (D:6)
  4 giant newts
  15 kobolds
  A quokka zombie (D:3)
  19 rats
  3 fungi
1389 creatures vanquished.

Vanquished Creatures (collateral kills)
  A hill giant (D:14)
  3 ogres (D:4)
  A river rat (D:8)
5 creatures vanquished.

Vanquished Creatures (others)
  A trapdoor spider (Spider:4)
  9 fungi
  7 plants
17 creatures vanquished.

Grand Total: 1411 creatures vanquished

Notes
Turn   | Place    | Note
--------------------------------------------------------------
     0 | D:1      | velleities the Spriggan Enchanter began the quest for the Orb.
     0 | D:1      | Reached XP level 1. HP: 9/9 MP: 5/5
    50 | D:1      | Found an iron altar of Okawaru.
    50 | D:1      | Found a bloodstained altar of Trog.
    50 | D:1      | Noticed a big kobold
    50 | D:1      | Noticed a big kobold
    51 | D:1      | Noticed a big kobold
    51 | D:1      | Noticed a big kobold
   274 | D:2      | Noticed Jessica
   311 | D:2      | Killed Jessica
   311 | D:2      | Reached XP level 2. HP: 13/13 MP: 5/8
   311 | D:2      | Reached XP level 3. HP: 16/16 MP: 6/10
   495 | D:1      | Learned a level 2 spell: Ensorcelled Hibernation
   770 | D:1      | Reached skill level 5 in Spellcasting
  1354 | D:2      | Noticed Robin
  1385 | D:2      | Reached XP level 4. HP: 17/21 MP: 12/12
  1412 | D:2      | Killed Robin
  1650 | D:2      | Reached skill level 6 in Spellcasting
  1705 | D:2      | Reached XP level 5. HP: 14/24 MP: 7/14
  2340 | D:3      | Reached skill level 7 in Spellcasting
  2392 | D:3      | Found a burning altar of Makhleb.
  2394 | D:3      | Found a glowing silver altar of Zin.
  2394 | D:3      | Noticed a balrug
  2394 | D:3      | Noticed an angel
  3240 | D:4      | Noticed an ogre
  3269 | D:4      | Learned a level 3 spell: Confuse
  3290 | D:4      | Killed an ogre
  3290 | D:4      | Reached skill level 8 in Spellcasting
  3290 | D:4      | Reached XP level 6. HP: 22/28 MP: 14/18
  3725 | D:4      | Learned a level 3 spell: Tukima's Dance
  3958 | D:4      | Noticed Edmund
  3983 | D:4      | Killed Edmund
  3983 | D:4      | Reached XP level 7. HP: 20/32 MP: 19/19
  4232 | D:4      | Reached skill level 5 in Short Blades
  4349 | D:4      | Found a sparkling altar of Nemelex Xobeh.
  4349 | D:4      | Found a shimmering altar of Xom.
  4636 | D:5      | Entered Level 5 of the Dungeon
  4682 | D:5      | Reached XP level 8. HP: 36/36 MP: 21/21
  4698 | D:5      | Noticed Prince Ribbit
  4710 | D:5      | Killed Prince Ribbit
  4798 | D:5      | Found a staircase to the Ecumenical Temple.
  4847 | D:5      | Found a radiant altar of Vehumet.
  4899 | Temple   | Entered the Ecumenical Temple
  4904 | Temple   | Became a worshipper of Dithmenos the Shadowed
  4958 | D:5      | Noticed Eustachio
  4970 | D:5      | Killed Eustachio
  5065 | D:5      | Noticed Crazy Yiuf
  5075 | D:5      | Killed Crazy Yiuf
  5141 | D:5      | Noticed Blork the orc
  5153 | D:5      | Killed Blork the orc
  5153 | D:5      | Reached skill level 9 in Short Blades
  5225 | D:5      | Noticed Menkaure
  5239 | D:5      | Killed Menkaure
  5520 | D:6      | Reached skill level 10 in Short Blades
  5723 | D:6      | Found an opulent altar of Gozag.
  5783 | D:6      | Noticed MrDespairSA's ghost (novice OgSk)
  5814 | D:6      | Gained mutation: You have a pair of small horns on your head. [potion of mutation]
  5814 | D:6      | Gained mutation: You have a pair of horns on your head. [potion of mutation]
  5883 | D:5      | Reached skill level 5 in Hexes
  6275 | D:6      | Reached XP level 9. HP: 39/39 MP: 11/22
  6278 | D:6      | Reached * piety under Dithmenos
  6369 | D:6      | Gained mutation: You are resistant to hostile enchantments. [potion of mutation]
  6369 | D:6      | Gained mutation: You have a beak for a mouth. [potion of mutation]
  6369 | D:6      | Gained mutation: You are robust (+10% HP). [potion of mutation]
  6554 | D:6      | Found a stormy altar of Qazlal.
  6980 | D:6      | Killed MrDespairSA's ghost
  6980 | D:6      | Reached skill level 10 in Hexes
  7008 | D:7      | Reached ** piety under Dithmenos
  7094 | D:7      | Noticed a deep elf mage
  7107 | D:7      | Killed a deep elf mage
  7107 | D:7      | Reached skill level 11 in Hexes
  7107 | D:7      | Reached XP level 10. HP: 37/48 MP: 13/23
  7709 | D:7      | Found a shattered altar of Ashenzari.
  7927 | D:8      | Noticed Grum
  7936 | D:8      | Reached skill level 12 in Hexes
  7942 | D:8      | Killed Grum
  7955 | D:8      | Noticed Joseph
  8007 | D:8      | Killed Joseph
  8007 | D:8      | Reached skill level 13 in Hexes
  8262 | D:8      | Reached *** piety under Dithmenos
  8577 | D:8      | Found a staircase to the Lair.
  8722 | D:8      | Reached skill level 14 in Hexes
  9399 | D:8      | Found a sacrificial altar of Ru.
  9404 | D:8      | Found an ancient bone altar of Kikubaaqudgha.
  9406 | D:8      | Found a basalt altar of Yredelemnul.
  9651 | D:9      | Found Dijeahot's Assorted Antiques.
  9663 | D:9      | Bought a scroll of enchant weapon for 150 gold pieces
  9663 | D:9      | Bought a scroll labeled LYZITOOSHRE for 20 gold pieces
  9685 | D:9      | Found Bekhlemig's Armour Emporium.
  9818 | D:9      | Learned a level 4 spell: Cause Fear
  9829 | D:9      | Reached **** piety under Dithmenos
  9846 | D:9      | Learned a level 5 spell: Silence
  9855 | D:9      | Learned a level 8 spell: Discord
  9963 | D:9      | Reached XP level 11. HP: 39/51 MP: 18/24
 10162 | D:10     | Entered Level 10 of the Dungeon
 10165 | D:10     | Found Kynyi's Armour Shoppe.
 10243 | D:10     | Reached skill level 15 in Hexes
 10311 | D:10     | Found a staircase to the Orcish Mines.
 10898 | D:10     | Reached skill level 5 in Stealth
 11230 | D:11     | Reached skill level 5 in Dodging
 11293 | D:11     | Noticed Snorg
 11330 | D:11     | Killed Snorg
 11618 | D:11     | Noticed Fannar
 11802 | D:11     | Killed Fannar
 12413 | D:12     | Reached ***** piety under Dithmenos
 12479 | D:12     | Reached skill level 10 in Dodging
 12523 | D:12     | Identified a scroll of acquirement
 12534 | D:12     | Learned a level 6 spell: Invisibility
 13346 | D:13     | Noticed an eight-headed hydra
 13394 | D:13     | Killed an eight-headed hydra
 13409 | D:13     | Reached XP level 12. HP: 51/56 MP: 18/25
 13486 | D:13     | Found a huge runed gate.
 13486 | D:13     | Found a huge runed gate.
 13486 | D:13     | Found a huge runed gate.
 13491 | D:13     | Found a huge runed gate.
 13682 | D:13     | Noticed a centaur warrior
 13688 | D:13     | Killed a centaur warrior
 13688 | D:13     | Reached skill level 15 in Dodging
 13717 | D:13     | Noticed a six-headed hydra
 13721 | D:13     | Killed a six-headed hydra
 14639 | D:13     | Found an ancient bone altar of Kikubaaqudgha.
 15062 | D:13     | Reached skill level 10 in Spellcasting
 15204 | D:14     | Reached skill level 10 in Stealth
 15580 | D:14     | Found Laje's Antique Armour Shoppe.
 15676 | D:14     | Reached XP level 13. HP: 60/60 MP: 24/28
 15741 | D:14     | Noticed Josephine
 15743 | D:14     | Killed Josephine
 16076 | D:15     | Entered Level 15 of the Dungeon
 16369 | D:15     | Found a frozen archway.
 16409 | IceCv    | Entered an ice cave
 16462 | IceCv    | Reached ****** piety under Dithmenos
 16558 | IceCv    | Reached skill level 15 in Stealth
 16624 | IceCv    | Reached skill level 1 in Fighting
 16684 | IceCv    | Found an ancient bone altar of Kikubaaqudgha.
 17817 | D:15     | Found a staircase to the Depths.
 18274 | D:15     | Reached skill level 5 in Fighting
 18851 | D:14     | Reached XP level 14. HP: 76/79 MP: 11/29
 18876 | D:14     | Found a gate to the Vaults.
 19498 | Orc:1    | Entered Level 1 of the Orcish Mines
 19595 | Orc:1    | Found Mieviss's Weapon Boutique.
 19804 | Orc:1    | Noticed MrDespairSA's ghost (journeyman VSBe)
 19816 | Orc:1    | Killed MrDespairSA's ghost
 20173 | Orc:2    | Entered Level 2 of the Orcish Mines
 20440 | Orc:2    | Found a staircase to the Elven Halls.
 21408 | Orc:2    | Found Herus's Assorted Antiques.
 21413 | Orc:2    | Found Voyv's Distillery.
 21415 | Orc:2    | Found Orawut's Gadget Shop.
 21416 | Orc:2    | Found Gokaj's Book Emporium.
 21783 | Orc:2    | Reached skill level 10 in Fighting
 22048 | Orc:2    | Bought a twisted smoking staff for 324 gold pieces
 22051 | Orc:2    | Bought a scroll of identify for 54 gold pieces
 22051 | Orc:2    | Bought a potion of magic for 216 gold pieces
 22053 | Orc:2    | Bought a potion of heal wounds for 70 gold pieces
 22053 | Orc:2    | Bought a potion of invisibility for 112 gold pieces
 22053 | Orc:2    | Bought a potion of heal wounds for 70 gold pieces
 22053 | Orc:2    | Bought a potion of heal wounds for 70 gold pieces
 22220 | Elf:1    | Entered Level 1 of the Elven Halls
 22832 | Elf:2    | Found Zex Xil's General Store.
 22834 | Elf:2    | Noticed Nikola
 22841 | Elf:2    | Killed Nikola
 22846 | Elf:2    | Bought a scroll of acquirement for 988 gold pieces
 22846 | Elf:2    | Bought a scroll of teleportation for 57 gold pieces
 23733 | Elf:2    | Found a runed gate.
 23733 | Elf:2    | Found a runed gate.
 23733 | Elf:2    | Found a runed gate.
 23736 | Elf:2    | Reached XP level 15. HP: 89/89 MP: 23/32
 23833 | Elf:2    | Noticed Roxanne
 24039 | Elf:3    | Entered Level 3 of the Elven Halls
 24810 | Elf:1    | Reached skill level 15 in Spellcasting
 24840 | Elf:1    | Gained mutation: You are occasionally teleported next to monsters. [mutagenic glow]
 25473 | Elf:2    | Lost mutation: You are resistant to hostile enchantments. [potion of cure mutation]
 25473 | Elf:2    | Lost mutation: You are occasionally teleported next to monsters. [potion of cure mutation]
 25473 | Elf:2    | Lost mutation: You are robust (+10% HP). [potion of cure mutation]
 25473 | Elf:2    | Lost mutation: You have a pair of horns on your head. [potion of cure mutation]
 25473 | Elf:2    | Lost mutation: You have a pair of small horns on your head. [potion of cure mutation]
 25536 | Elf:2    | HP: 4/83 [glaive of flaming (3)]
 25605 | Elf:2    | Gained mutation: You are clumsy. (Dex -2) [mutagenic glow]
 25627 | Elf:2    | Lost mutation: You are clumsy. (Dex -2) [potion of cure mutation]
 25716 | Elf:2    | Gained mutation: You regenerate slowly when monsters are visible. [mutagenic glow]
 25747 | Elf:2    | Lost mutation: You regenerate slowly when monsters are visible. [potion of cure mutation]
 26330 | Elf:2    | Gained mutation: Your body sometimes deteriorates upon taking damage. [mutagenic glow]
 26374 | Elf:2    | Gained mutation: You occasionally shout uncontrollably at your foes. [mutagenic glow]
 27188 | Elf:3    | Noticed a deep elf master archer
 27237 | Elf:3    | Reached XP level 16. HP: 39/90 MP: 36/36
 28298 | Elf:3    | Noticed a deep elf master archer
 28299 | Elf:3    | Noticed a deep elf blademaster
 28832 | Lair:1   | Entered Level 1 of the Lair of Beasts
 29975 | Lair:2   | Lost mutation: You occasionally shout uncontrollably at your foes. [potion of cure mutation]
 29975 | Lair:2   | Lost mutation: Your body sometimes deteriorates upon taking damage. [potion of cure mutation]
 29975 | Lair:2   | Lost mutation: You have a beak for a mouth. [potion of cure mutation]
 32147 | Lair:4   | Found a hole to the Spider Nest.
 33158 | Lair:5   | Got a pitted buckler
 33164 | Lair:5   | Identified the -1 buckler of the Apprentice {rF+ MR+} (You acquired it on level 5 of the Lair of Beasts)
 33339 | Lair:5   | Gained mutation: Your spells are a little harder to cast, but a little more powerful. [potion of beneficial mutation]
 33517 | Lair:6   | Found a staircase to the Swamp.
 33664 | Lair:6   | HP: 4/93 [death yak (26)]
 33669 | Lair:6   | Found a labyrinth entrance.
 33705 | Lair:5   | Gained mutation: You occasionally shout uncontrollably at your foes. [mutagenic glow]
 34356 | Lair:6   | Gained mutation: Your flesh is heat resistant. [potion of beneficial mutation]
 34559 | Lair:6   | Reached XP level 17. HP: 97/97 MP: 28/37
 34948 | Lair:7   | Found a viscous altar of Jiyva.
 34952 | Lair:7   | Found a staircase to the Slime Pits.
 36159 | Lair:8   | Entered Level 8 of the Lair of Beasts
 36656 | Lair:8   | Reached skill level 15 in Fighting
 38344 | Spider:1 | Entered Level 1 of the Spider Nest
 38494 | Spider:1 | Reached skill level 16 in Spellcasting
 39850 | Spider:2 | Reached skill level 17 in Spellcasting
 39951 | Spider:2 | Noticed Kirke
 39979 | Spider:2 | Killed Kirke
 40641 | Spider:2 | Learned a level 3 spell: Regeneration
 40645 | Spider:2 | Learned a level 3 spell: Ozocubu's Armour
 40648 | Spider:2 | Learned a level 2 spell: Shroud of Golubria
 40921 | Spider:2 | Reached XP level 18. HP: 104/104 MP: 31/40
 41199 | Spider:3 | Reached skill level 18 in Spellcasting
 41909 | Spider:4 | Entered Level 4 of the Spider Nest
 43471 | Spider:3 | Reached skill level 19 in Spellcasting
 44221 | Spider:4 | Noticed Arachne
 44233 | Spider:4 | Killed Arachne
 44607 | Spider:4 | Reached skill level 20 in Spellcasting
 44924 | Spider:4 | Got a gossamer rune of Zot
 46596 | Swamp:1  | Entered Level 1 of the Swamp
 47376 | Swamp:1  | Slain by an alligator

Vault maps used:
D:1:      erik_arrival_cave_to_civilisation, roderic_serpentine_path
D:2:      nicolae_overflow_hidden_temple, uniq_robin, uniq_jessica
D:3:      grunt_temple_overflow_order_and_chaos_2, first_bread
D:4:      minmay_opposing_rooms, gammafunk_temple_overflow_elements,
          serial_curves, eino_curves_04, eino_curves_03, uniq_edmund
D:5:      vehumet_statue, minmay_temple_entry_fiery, uniq_eustachio,
          uniq_menkaure, uniq_prince_ribbit1, uniq_crazy_yiuf_cottage,
          uniq_blork_the_orc
D:6:      grunt_qazlal_clouds, grunt_gozag_breadcrumbs
D:7:      ashenzari_conservatory_becter
D:8:      minitemple, grunt_lair_entry_orc_guard_hut, blue_anna_alchemist,
          uniq_grum, uniq_joseph
D:9:      serial_shops, shop, shop
D:10:     erik_orc_1, serial_shops, nicolae_shop_trees
D:11:     minmay_unpleasant_kobolds, uniq_fannar, uniq_snorg
D:12:     grunt_ministairs_9, hangedman_corner_corridor
D:13:     lemuel_bear_cage, basic_altar
D:14:     grunt_vaults_entry_fortified, serial_shops,
          nicolae_shop_competitors_out_of_business, wad_floor_pattern_untrapped,
          uniq_josephine
D:15:     grunt_enter_depths_hoard, serial_park_square1,
          portal_ice_cave_demonic_guard, grunt_ministairs_10
Temple:   temple_eino_lava_8
Lair:1:   lemuel_fruit_tree, serial_bayou_shore_a, infiniplex_staircase_pool
Lair:2:   small_statue_intersection, st_stairs_13, grunt_megastairs_5
Lair:3:   kennysheep_abandoned_house
Lair:4:   spider_nest_entry_webs, serial_bayou_shore_b
Lair:6:   beast_lair_carwin_large_4, swamp_mist_pool, lab_entry_generic,
          serial_bayou_ford_a
Lair:7:   slime_altar_1, grunt_megastairs_1
Lair:8:   minmay_lair_end_enchanted_forest, grunt_megastairs_4
Swamp:1:  evilmike_swamp_ruin_house_2, swamp_pool2, water_boxes_lemuel
Spider:2: uniq_kirke
Spider:3: cheibrodos_spider_creepycove
Spider:4: johnstein_spider_rune_arachne_lair, spider_trap
Orc:1:    serial_shops, shop
Orc:2:    st_orc_elflike, statue_in_the_mist_lemuel,
          nicolae_orc_flooded_monolith
Elf:1:    eino_elf_arrival_customs, kennysheep_underground_church,
          small_statue_intersection, roderic_lattice_octagonal_star
Elf:2:    serial_shops, nicolae_shop_trees, minmay_misc_feat_five, uniq_roxanne,
          uniq_nikola
Elf:3:    minmay_elf_hall_hex
IceCv:    ice_cave_small_necro

Action                   |  1- 3 |  4- 6 |  7- 9 | 10-12 | 13-15 | 16-18 || total
-------------------------+-------+-------+-------+-------+-------+-------++-------
Melee: Dagger            |   119 |   153 |   276 |   976 |  1591 |  2140 ||  5255
       Rapier            |       |       |       |       |       |   435 ||   435
       Quick blade       |       |       |       |       |       |   103 ||   103
 Cast: Ensorcelled Hiber |       |    26 |    27 |    45 |    54 |   260 ||   412
       Confuse           |       |     6 |    50 |    38 |    85 |    91 ||   270
       Tukima's Dance    |       |     1 |     3 |     2 |     4 |       ||    10
       Cause Fear        |       |       |       |     1 |       |     2 ||     3
       Invisibility      |       |       |       |       |    16 |    13 ||    29
       Regeneration      |       |       |       |       |       |     3 ||     3
       Shroud of Golubri |       |       |       |       |       |     3 ||     3
       Ozocubu's Armour  |       |       |       |       |       |     2 ||     2
Invok: Shadow Step       |       |       |       |       |    19 |    24 ||    43
 Abil: Evoke Teleportati |       |       |       |       |     2 |     2 ||     4
Evoke: Wand              |     3 |       |       |     2 |     2 |     5 ||    12
  Use: Potion            |     1 |     1 |     7 |    11 |    18 |    14 ||    52
       Scroll            |     4 |     1 |    10 |    13 |    14 |    19 ||    61
 Stab: Sleeping          |     4 |    22 |    34 |    69 |   118 |   254 ||   501
       Distracted        |     1 |     1 |       |     3 |     9 |    12 ||    26
       Confused          |       |     1 |    16 |    25 |    41 |    43 ||   126
       Invisible         |       |       |       |    17 |    31 |   121 ||   169
  Eat: Bread ration      |       |     1 |       |     2 |     3 |     3 ||     9
       Fruit             |       |       |       |     3 |       |     9 ||    12
       Pizza             |       |       |       |       |     1 |     7 ||     8
